 Dungeon Crawl Stone Soup version 0.26-a0-849-gf1512cd430 (webtiles) character file.

Game seed: 6895712116821292422

58 EWolf27 the Sneak (level 3, -1/24 HPs)
             Began as a Vampire Enchanter on Nov 19, 2020.
             Was an Initiate of Vehumet.
             Slain by a quokka (3 damage)
             ... on level 2 of the Dungeon on Nov 20, 2020.
             The game lasted 00:10:00 (1634 turns).

EWolf27 the Sneak (Vampire Enchanter)               Turns: 1634, Time: 00:10:01

Health: -1/24      AC:  7    Str:  8    XL:     3   Next: 76%
Magic:  0/7        EV: 12    Int: 17    God:    Vehumet [......]
Gold:   86         SH:  0    Dex: 14    Spells: 4/7 levels left

rFire    + . .     SeeInvis +   a - +1 dagger
rCold    + . .     Faith    .   (no shield)
rNeg     . . .     Spirit   .   b - +0 robe
rPois    .         Reflect  .   (no helmet)
rElec    .         Harm     .   i - scarf {rC+ rF+}
rCorr    .         Rampage  .   (no gloves)
MR       .....                  k - +0 pair of boots
Stlth    +++.......             (no amulet)
HPRegen  0.28/turn              d - +4 ring of protection
MPRegen  0.10/turn              (no ring)

@: lethally poisoned (-1 -> -4), regenerating quickly
A: fangs 3, see invisible, unbreathing
a: Exsanguinate, Renounce Religion


You were on level 2 of the Dungeon.
You worshipped Vehumet.
Vehumet was noncommittal.
You visited 1 branch of the dungeon, and saw 2 of its levels.

You collected 86 gold pieces.

Inventory:

Hand Weapons
 a - a +1 dagger (weapon)
Missiles
 l - 39 stones (quivered)
Armour
 b - a +0 robe (worn)
 i - a scarf of resistance (worn)
 k - a +0 pair of boots (worn)
Jewellery
 d - a +4 ring of protection (left hand)
Wands
 n - a wand of acid (5)
Scrolls
 e - 2 scrolls of remove curse
 g - a scroll of magic mapping {unknown}
 h - a scroll of noise {unknown}
 j - 2 scrolls of identify {unknown}
Potions
 c - a potion of brilliance {unknown}
 f - a potion of attraction {unknown}
 m - 2 potions of curing {unknown}
 o - a potion of mutation {unknown}


   Skills:
 - Level 1.1 Short Blades
 - Level 2.1 Dodging
 + Level 5.5 Stealth
 + Level 2.7 Spellcasting
 + Level 5.4 Hexes


You had 4 spell levels left.
You knew the following spells:

 Your Spells              Type           Power        Failure   Level
a - Corona                Hex            ###....      1%          1
b - Ensorcelled Hibernat  Hex/Ice        ##....       9%          2

Your spell library contained the following spells:

 Spells                   Type           Power        Failure   Level
 Confusing Touch          Hex            ###.....     6%          3
 Tukima's Dance           Hex            ###.....     6%          3
 Dazzling Flash           Conj/Hex       ##....       19%         3


Dungeon Overview and Level Annotations

Branches:
Dungeon (2/15)

Altars:
Cheibriados
Vehumet


Innate Abilities, Weirdness & Mutations

Your natural rate of healing is unusually fast.
You have razor-sharp teeth.
You have supernaturally acute eyesight. (SInv)
You can survive without breathing.


Message History

You are more poisoned.
The adder poisons you! The quokka closely misses you.
The adder closely misses you.
You hit the adder.
The adder is severely wounded.
You feel sick. The quokka completely misses you.
The adder bites you but does no damage.
You hit the adder but do no damage.
The adder is severely wounded.
You feel sick. The quokka bites you.
* * * LOW HITPOINT WARNING * * *
The adder bites you.
* * * LOW HITPOINT WARNING * * *
You closely miss the adder. Your bite misses the adder.
The adder is severely wounded.
* * * LOW HITPOINT WARNING * * *
You feel sick. The quokka barely misses you. The adder bites you.
* * * LOW HITPOINT WARNING * * *
The quokka bites you.
You die...

#......##.# ##..###....###
#..## ####...# #.## #..#.##
#########.##..#########
######...................#
#⌠_.'....###.######..###......h
#⌠_.'..#.......#####.##########
######...#...)@S...).....[....
###.....#.r#####.########
#...####...###.## ##..##
###..##r.######
#...######..........#
#.......##..........#
##.#.#...###.........#
#..#.#....######.....#
#####............ ##....


You could see an adder and a quokka.

Vanquished Creatures
  Jessica (D:2)
  A worm (D:2)
  2 dart slugs
  3 giant cockroaches
  3 goblins
  2 hobgoblins
  3 jackals
  2 kobolds
  3 bats (D:1)
  5 rats
25 creatures vanquished.

Notes
Turn   | Place    | Note
-------+----------+-------------------------------------------
     0 | D:1      | EWolf27 the Vampire Enchanter began the quest for the Orb.
     0 | D:1      | Reached XP level 1. HP: 13/13 MP: 3/3
    77 | D:1      | Upgraded the game from 0.26-a0-845-gfacbca91cf to
                  | 0.26-a0-849-gf1512cd430
   329 | D:1      | Reached XP level 2. HP: 19/19 MP: 5/5
   332 | D:1      | Learned a level 2 spell: Ensorcelled Hibernation
  1145 | D:1      | Reached skill level 5 in Stealth
  1249 | D:2      | Reached skill level 5 in Hexes
  1277 | D:2      | Noticed Jessica
  1282 | D:2      | Killed Jessica
  1283 | D:2      | Reached XP level 3. HP: 24/24 MP: 6/6
  1472 | D:2      | Found a radiant altar of Vehumet.
  1472 | D:2      | Found a snail-covered altar of Cheibriados.
  1476 | D:2      | Became a worshipper of Vehumet
  1634 | D:2      | Slain by a quokka

Illustrated notes

Levels and vault maps discovered:
D:1:      eino_arrival_cavern_a, layout_loops_cross, minmay_misc_feat_tower
D:2:      layout_rooms, gammafunk_temple_overflow_wave, uniq_sigmund,
          uniq_jessica

Skill      XL: |  1  2 |
---------------+-------+-----
Stealth        | 5 |  5.5
Hexes          | 5 |  5.4
Short Blades   | |  1.1
Dodging        | |  2.1
Spellcasting   | |  2.7

Action                   || total
-------------------------++-------
Melee: Dagger            ||    91
       Bite              ||     9
 Cast: Ensorcelled Hiber ||     8
  Use: Scroll            ||     1
 Stab: Sleeping          ||     5
Armor: Robe              ||    30
Dodge: Dodged            ||    74

Table legend: (Time is in decaauts)
 A = Elapsed time spent in this place.
 B = Non-inter-level travel time spent in this place.
 C = Inter-level travel time spent in this place.
 D = Time resting spent in this place.
 E = Time spent auto-exploring this place.
 F = Levels seen in this place.
 G = Mean time per level.
                   A        B        C        D        E       F      G
               +--------+--------+--------+--------+--------+-----+--------+
         Total |   1629 |   1603 |     26 |    287 |    438 |   2 |  814.5 |
       Dungeon |   1629 |   1603 |     26 |    287 |    438 |   2 |  814.5 |
               +--------+--------+--------+--------+--------+-----+--------+

Top non-repeatable levels by time:
     D:1: 1140 daAuts
     D:2: 489 daAuts
